 Dungeon Crawl Stone Soup version 0.24-a0-250-g6074511 (webtiles) character file.

Game seed: 11852716692840352470

1353 Borgoz the Cutter (level 8, -1/48 HPs)
             Began as a Gargoyle Gladiator on Apr 15, 2019.
             Was an Initiate of Ashenzari.
             Slain by an orc warrior
             ... wielding a +0 war axe
              (18 damage)
             ... on level 6 of the Dungeon.
             The game lasted 00:11:26 (3702 turns).

Borgoz the Cutter (Gargoyle Gladiator)              Turns: 3702, Time: 00:11:27

Health: -1/48      AC: 11    Str: 20    XL:     8   Next: 63%
Magic:  8/8        EV: 14    Int: 10    God:    Ashenzari [......]
Gold:   246        SH:  0    Dex: 14    Spells: 7/7 levels left

rFire    . . .     SeeInvis .   a - +0 rapier
rCold    . . .     Gourm    .   (no shield)
rNeg     + . .     Faith    +   y - +1 robe of Iroussys {rPois MR+++ Str+3 Dex-3}
rPois    ∞         Spirit   .   c - +0 helmet
rElec    +         Reflect  .   (no cloak)
rCorr    .         Harm     .   (no gloves)
MR       +++..                  o - +0 pair of boots
Stlth    +++.......             w - amulet of faith
HPRegen  0.16/turn              D - +1 ring of slaying
MPRegen  0.11/turn              G - +4 ring of dexterity

@: no status effects
A: negative energy resistance 1, electricity resistance, unbreathing,
petrification resistance, rot immunity, AC +5
a: Curse Item, Renounce Religion


You were on level 6 of the Dungeon.
You worshipped Ashenzari.
Ashenzari was noncommittal.
You were hungry.

You visited 2 branches of the dungeon, and saw 8 of its levels.

You collected 246 gold pieces.

Inventory:

Hand Weapons
 a - a +0 rapier (weapon)
Armour
 c - a +0 helmet (worn)
 o - a +0 pair of boots (worn)
 q - a +2 leather armour of poison resistance
 y - the +1 robe of Iroussys (worn) {rPois MR+++ Str+3 Dex-3}
   (You found it on level 4 of the Dungeon)

   It affects your strength (+3).
   It affects your dexterity (-3).
   It protects you from poison.
   It affects your resistance to hostile enchantments.
Jewellery
 d - an uncursed ring of positive energy
 w - an amulet of faith (around neck)
 D - a +1 ring of slaying (left hand)
 G - a +4 ring of dexterity (right hand)
Wands
 z - a wand of random effects (21)
 A - a wand of enslavement (5)
Scrolls
 h - a scroll of identify
 i - 2 scrolls of remove curse
 k - 2 scrolls of teleportation
 m - a scroll of amnesia {unknown}
 n - a scroll of immolation {unknown}
 s - a scroll of blinking {unknown}
 t - a scroll of enchant armour {unknown}
 u - a scroll of magic mapping {unknown}
 C - a scroll of enchant weapon {unknown}
 H - a scroll of fear {unknown}
Potions
 e - a potion of might
 g - a potion of magic
 j - 4 potions of haste
 l - 2 potions of cancellation {unknown}
 p - a potion of heal wounds {unknown}
 r - a potion of brilliance {unknown}
 v - 2 potions of agility
 x - a potion of ambrosia {unknown}
 B - 2 potions of lignification
 E - a potion of curing {unknown}
Comestibles
 f - 12 rations


   Skills:
 + Level 3.9 Fighting
 + Level 7.3 Short Blades
 - Level 1.7 Throwing
 + Level 2.5 Armour
 + Level 4.3 Dodging
 + Level 4.2 Stealth
 + Level 0.3 Evocations


You had 7 spell levels left.
You didn't know any spells.
Your spell library was empty.

Dungeon Overview and Level Annotations

Branches:
Dungeon (7/15)             Temple (1/1) D:7

Altars:
Ashenzari
Cheibriados
Dithmenos
Elyvilon
Fedhas
Gozag
Hepliaklqana
Kikubaaqudgha
Makhleb
Nemelex Xobeh
Okawaru
Qazlal
Ru
Sif Muna
Trog
Uskayaw
Wu Jian
Xom
Yredelemnul
Zin
The Shining One

Shops:
D:4 (   D:5 :

Annotations:
D:7 Pikel


Innate Abilities, Weirdness & Mutations

You are resistant to torment.
Your stone body is resilient. (AC +5)
You are immune to poison.
You resist negative energy. (rN+)
You are resistant to electric shocks. (rElec)
You can survive without breathing.
You are immune to petrification.
You are immune to rotting.


Message History

You hit the orc warrior but do no damage.
The orc warrior is heavily wounded.
The orc warrior hits you with a +0 war axe!
You hit the orc warrior but do no damage.
The orc warrior is heavily wounded.
You hit the orc warrior.
The orc warrior is severely wounded.
The orc warrior misses you.
You hit the orc warrior.
The orc warrior is almost dead.
The orc warrior hits you but does no damage.
You hit the orc warrior but do no damage.
The orc warrior is almost dead.
You hit the orc warrior but do no damage.
The orc warrior is almost dead.
The orc warrior barely misses you.
You barely miss the orc warrior.
The orc warrior is almost dead.
The orc warrior hits you with a +0 war axe!!
You die...

.....# ......# #.....#
#.....# ###+ #)....+
##...##.....#
#...........#
#....)@o....###+#######
#....##(######.........
#... ##.....##.........
#.. #......'..........
## ##.....##....####.
#.....##....# ##
.......#.....#
........#.....#
.........#.....#


You could see an orc warrior.

Vanquished Creatures
  Menkaure (D:4)
  2 phantoms
  An ogre (D:5)
  A centaur (D:5)
  A bullfrog (D:6)
  A gnoll sergeant (D:7)
  A howler monkey (D:4)
  4 crimson imps
  An orc wizard (D:4)
  2 hounds
  A jelly (D:7)
  2 orc priests
  A centaur skeleton (D:5)
  2 bullfrog skeletons
  Terence (D:3)
  Natasha (thrice) (D:3)
  A worker ant (D:4)
  A hound zombie (D:7)
  5 adders
  7 gnolls
  An adder skeleton (D:4)
  2 worms
  2 leopard geckos
  12 orcs
  3 bats
  4 giant cockroaches
  2 goblins
  8 hobgoblins
  7 jackals
  3 quokkas
  6 frilled lizards
  2 jackal skeletons
  A kobold (D:2)
  5 rats
97 creatures vanquished.

Notes
Turn   | Place    | Note
-------+----------+-------------------------------------------
     0 | D:1      | Borgoz the Gargoyle Gladiator began the quest for the Orb.
     0 | D:1      | Reached XP level 1. HP: 12/12 MP: 1/1
   308 | D:1      | Reached skill level 3 in Short Blades
   327 | D:1      | Reached XP level 2. HP: 17/17 MP: 2/2
   628 | D:2      | Found a bloodstained altar of Trog.
   650 | D:2      | Reached XP level 3. HP: 21/21 MP: 3/3
   986 | D:3      | Noticed Terence
  1007 | D:3      | Killed Terence
  1007 | D:3      | Reached skill level 1 in Armour
  1007 | D:3      | Reached XP level 4. HP: 19/27 MP: 4/4
  1303 | D:3      | Noticed Natasha
  1308 | D:3      | Killed Natasha
  1308 | D:3      | Reached skill level 4 in Short Blades
  1308 | D:3      | Reached XP level 5. HP: 31/31 MP: 5/5
  1333 | D:3      | Reached skill level 1 in Stealth
  1543 | D:3      | Noticed Natasha
  1555 | D:3      | Killed Natasha
  1805 | D:3      | Noticed Natasha
  1816 | D:3      | Killed Natasha
  1816 | D:3      | Reached XP level 6. HP: 32/36 MP: 6/6
  1994 | D:4      | Got a heavy robe
  2012 | D:4      | Identified the +1 robe of Iroussys {rPois MR+++ Str+3
                  | Dex-3} (You found it on level 4 of the Dungeon)
  2085 | D:4      | Reached skill level 5 in Short Blades
  2115 | D:4      | Noticed Menkaure
  2115 | D:4      | Noticed a phantom
  2126 | D:4      | Killed Menkaure
  2126 | D:4      | Reached XP level 7. HP: 41/41 MP: 7/7
  2200 | D:4      | Found Efroh Jirra's Weapon Shoppe.
  2470 | D:5      | Entered Level 5 of the Dungeon
  2579 | D:5      | Reached skill level 6 in Short Blades
  2684 | D:5      | Reached XP level 8. HP: 28/46 MP: 8/8
  2814 | D:5      | Found Diteam's Book Shoppe.
  3127 | D:5      | You fall through a shaft for 2 floors!
  3135 | D:7      | Noticed Pikel
  3452 | D:7      | Found a staircase to the Ecumenical Temple.
  3466 | Temple   | Entered the Ecumenical Temple
  3544 | Temple   | Became a worshipper of Ashenzari the Shackled
  3600 | D:7      | Reached skill level 7 in Short Blades
  3702 | D:6      | Slain by an orc warrior

Levels and vault maps discovered:
D:1:      roderic_dead_forest, layout_basic, minmay_large_rounded_square
D:2:      layout_rooms, trog_book
D:3:      layout_loops_ring, first_ration, st_stairs_11, uniq_natasha,
          uniq_terence
D:4:      layout_cave_pools, serial_shops, nicolae_shop_crystal, minivault_26,
          uniq_menkaure
D:5:      layout_loops_ring, serial_shops, shop
D:6:      layout_gridville, vehumet_statue, serial_shops, shop, shop_coins,
          kennysheep_mini, nicolae_shop_overgrown_old_shop,
          hangedman_abyss_or_decor_jellyfish_corner
D:7:      layout_cave_pools, temple_pool_b, the_bakery, hangedman_decor_push,
          small_statue_intersection, uniq_pikel
Temple:   grunt_wide_crystal_templ

Skill      XL: |  1  2  3  4  5  6  7  8 |
---------------+-------------------------+-----
Short Blades   | 3 4 5 6 7 |  7.3
Armour         | 1 2 |  2.5
Dodging        | 3 4 |  4.3
Stealth        | 1 2 4 |  4.2
Fighting       | 3 |  3.9
Throwing       | |  1.7
Evocations     | |  0.3

Action                   |  1- 3 |  4- 6 |  7- 9 || total
-------------------------+-------+-------+-------++-------
Melee: Rapier            |   103 |   169 |   226 ||   498
Throw: Throwing net      |     3 |     2 |     2 ||     7
Evoke: Wand              |       |     2 |     1 ||     3
  Use: Scroll            |       |     1 |     5 ||     6
       Potion            |       |       |     1 ||     1
 Stab: Sleeping          |       |     1 |     3 ||     4
       Distracted        |       |     1 |     1 ||     2
       Held in net/web   |       |     1 |     1 ||     2
  Eat: Chunk             |       |     4 |     5 ||     9
Armor: Leather armour    |    37 |    60 |    29 ||   126
       Ring mail         |    11 |       |       ||    11
       Robe              |       |     8 |    41 ||    49
Dodge: Dodged            |    54 |   120 |   124 ||   298

Table legend:
 A = Non-vault XP
 B = Vault XP
 C = Vault XP percentage of total XP
 D = Non-vault monster count
 E = Vault monster count
 F = Vault count percentage of total count
                 A         B        C        D         E       F
            +---------+---------+-------+---------+---------+-------
      Total |    1671 |     262 |  13.6 |      91 |       6 |   6.2
            +---------+---------+-------+---------+---------+-------
        D:1 |      15 |       0 |   0.0 |      10 |       0 |   0.0
        D:2 |      34 |       0 |   0.0 |      12 |       0 |   0.0
        D:3 |     191 |      90 |  32.0 |      16 |       5 |  23.8
        D:4 |     318 |     172 |  35.1 |      22 |       1 |   4.3
        D:5 |     526 |       0 |   0.0 |      10 |       0 |   0.0
        D:6 |     150 |       0 |   0.0 |       5 |       0 |   0.0
        D:7 |     437 |       0 |   0.0 |      16 |       0 |   0.0
            +---------+---------+-------+---------+---------+-------
